 Dungeon Crawl Stone Soup version 0.17-a0-18-gc25b939 (webtiles) character file.

95 JacquesDerrida the Caller (level 4, -1/30 HPs)
             Began as a Merfolk Summoner on Mar 7, 2015.
             Succumbed to poison (a potion of poison)
             ... on level 3 of the Dungeon.
             The game lasted 00:04:19 (902 turns).

JacquesDerrida the Caller (Merfolk Summoner)         Turns: 902, Time: 00:04:19

Health: -1/30      AC:  5    Str: 13    XL:     4   Next: 66%
Magic:  3/7        EV: 13    Int: 15    God:
Gold:   83         SH:  0    Dex: 14    Spells: 3 memorised, 1 level left

rFire  . . .     SeeInvis .     d - +0 hunting sling
rCold  . . .     Clarity  .     a - +0 robe
rNeg   . . .     SustAb   +     (no shield)
rPois  .         Gourm    .     p - +2 helmet
rElec  .         Spirit   .     (no cloak)
rCorr  .         Warding  .     (no gloves)
rMut   .         Stasis   .     (no boots)
MR     .....                    (no amulet)
Stlth  ++........               (no ring)
                                l - ring of sustain abilities

@: mighty, lethally poisoned (-1 -> -19), not resistant to hostile enchantments,
unstealthy
A: change form in water, swift swim
a: no special abilities


You were on level 3 of the Dungeon.
You were not hungry.

You visited 1 branch of the dungeon, and saw 3 of its levels.

You collected 83 gold pieces.

Inventory:

Hand weapons
 d - a +0 hunting sling (weapon)
Missiles
 j - 9 poisoned sling bullets (quivered)
Armour
 a - a +0 robe (worn)
 p - a +2 helmet (worn)
Jewellery
 l - a ring of sustain abilities (left hand)
Scrolls
 f - a scroll of enchant armour {unknown}
 h - 3 scrolls of identify {unknown}
 k - a scroll of remove curse {unknown}
 n - a scroll of random uselessness {unknown}
Potions
 e - a potion of ambrosia {unknown}
 i - a potion of might
Books
 b - a book of Callings

   Spells                             Type                      Level
   a - Summon Small Mammal            Summoning                    1
   b - Call Imp                       Summoning                    2
   c - Call Canine Familiar           Summoning                    3
   d - Summon Guardian Golem          Hexes/Summoning              4
   e - Summon Lightning Spire         Summoning/Air                4
   f - Summon Ice Beast               Ice/Summoning                4
Comestibles
 c - a bread ration
 m - a chunk of flesh


   Skills:
 - Level 2.6 Dodging
 - Level 2.1 Stealth
 - Level 2.0 Spellcasting
 + Level 5.9 Summonings


You had one spell level left.
You knew the following spells:

 Your Spells              Type           Power        Failure   Level  Hunger
a - Summon Small Mammal   Summ           ###.         1%          1    #......
b - Call Imp              Summ           ###.....     3%          2    ###....
c - Call Canine Familiar  Summ           ###.....     10%         3    ###....


Dungeon Overview and Level Annotations

Branches:
Dungeon (3/15)

Altars:


Message History

The orc priest is moderately wounded.
Your hound bites the orc priest but does no damage.
The orc priest mumbles some strange prayers to Beogh against you.
Something smites you!
* * * LOW HITPOINT WARNING * * *
Your hound bites the orc priest but does no damage.
Your crimson imp barely misses the orc priest.
The orc priest hits you with a mace!
* * * LOW HITPOINT WARNING * * *
Drink which item? (? for menu, Esc to quit)
It was a potion of might.
You feel very mighty all of a sudden.
Your hound bites the orc priest but does no damage.
Your crimson imp hits the orc priest but does no damage.
Your hound closely misses the orc priest.
Drink which item? (? for menu, Esc to quit)
It was a potion of poison.
That liquid tasted very nasty...
You are lethally poisoned!
You die...

((.. ..#..
###(#.#
..#.#.#
##.#.#..
#..#.#.#
#.<#h#.#
#<.5o#.#
#....#.@.#
####.#.###
#...#
###.# ###


You could see an orc priest, a friendly hound and a friendly crimson imp.

Vanquished Creatures
  Robin (D:2)
  2 adders
  3 giant geckos
  3 orcs (D:3)
  A giant cockroach (D:2)
  2 jackals (D:1)
  4 kobolds
  A quokka (D:2)
  3 bats
  2 giant newts
  10 goblins
  4 rats
36 creatures vanquished.

Vanquished Creatures (collateral kills)
  An adder (D:2)
  2 worms (D:2)
  2 giant cockroaches (D:2)
  5 goblins
  3 hobgoblins (D:2)
  A bat (D:2)
  A giant newt (D:2)
  2 kobolds
  A rat (D:2)
18 creatures vanquished.

Vanquished Creatures (others)
  A quokka (D:1)
  A rat (D:1)
2 creatures vanquished.

Grand Total: 56 creatures vanquished

Notes
Turn   | Place    | Note
--------------------------------------------------------------
     0 | D:1      | JacquesDerrida, the Merfolk Summoner, began the quest for the Orb.
     0 | D:1      | Reached XP level 1. HP: 13/13 MP: 3/3
   209 | D:1      | Reached XP level 2. HP: 19/19 MP: 4/4
   221 | D:1      | Learned a level 2 spell: Call Imp
   471 | D:2      | Reached XP level 3. HP: 24/24 MP: 3/6
   482 | D:2      | Reached skill level 5 in Summonings
   720 | D:2      | Noticed Robin
   745 | D:2      | Killed Robin
   745 | D:2      | Reached XP level 4. HP: 25/30 MP: 1/7
   854 | D:2      | Learned a level 3 spell: Call Canine Familiar
   900 | D:3      | HP: 1/30 [orc priest/mace (7)]
   902 | D:3      | Succumbed to poison (a potion of poison)

Action                   |  1- 3 |  4- 6 || total
-------------------------+-------+-------++-------
Melee: Unarmed           |     1 |       ||     1
 Fire: Hunting sling     |    70 |    20 ||    90
 Cast: Summon Small Mamm |     9 |       ||     9
       Call Imp          |     9 |     4 ||    13
       Call Canine Famil |       |     1 ||     1
  Use: Potion            |       |     2 ||     2
  Eat: Chunk             |       |     1 ||     1
